Map: Ascension to Aiur LE

Players

Dudley

  • Race: Zerg Zerg
  • League: Platinum
  • Spawn Location: 11:00

DeaThBrinGer - Winner!

  • Race: Terran Terran
  • League: Master
  • Spawn Location: 5:00

VOD

Have the link to the VOD?

Description

Time

  • Played on: Nov. 18, 2017, 2:40 p.m.
  • Length: 4:21
Show
View Real Time Build Order
Export as new Build Order

Dudley Zerg 

Build Orders: Hatch First 

Get SALT Encoding   

  12  0:02  Drone  
  13  0:16  Overlord  
  13  0:22  Drone  
  14  0:34  Drone x2  
  16  0:41  Drone  
  17  0:57  Drone, Hatchery  
  17  1:07  Drone  
  18  1:14  Spawning Pool  
  17  1:20  Drone  
  17  1:22  Drone  
  19  1:26  Extractor  
  19  1:32  Drone  
  19  1:46  Drone  
  20  1:53  Overlord  
  20  2:00  Queen  
  22  2:10  Zergling x2  
  23  2:20  Drone x2  
  25  2:24  Queen  
  25  2:28  Zergling x2  
  28  2:34  Zergling x2  
  28  2:36  Hatchery  
  28  2:41  Drone x3  
  31  2:48  Metabolic Boost  
  31  2:50  Extractor  
  30  3:03  Zergling x8  
  32  3:18  Spine Crawler  
  27  3:33  Spine Crawler  
  24  3:35  Drone x4  
  29  3:47  Hatchery  
  24  3:56  Zergling x8  
Show
View Real Time Build Order
Export as new Build Order

DeaThBrinGer Terran - Winner!

Build Orders: Cyclone Opening 

Get SALT Encoding   

  12  0:00  SCV  
  13  0:12  SCV  
  14  0:17  Supply Depot  
  14  0:25  SCV  
  15  0:28  Refinery  
  15  0:39  SCV  
  16  0:45  Barracks  
  16  0:51  SCV  
  17  1:03  SCV  
  18  1:15  SCV  
  19  1:32  Orbital Command  
  19  1:33  Supply Depot  
  19  1:34  Factory  
  19  1:35  Marine  
  20  1:53  Marine  
  21  2:00  SCV  
  22  2:10  Supply Depot  
  22  2:11  Marine  
  22  2:12  SCV  
  24  2:18  Cyclone  
  27  2:25  SCV  
  27  2:29  Marine  
  29  2:37  SCV  
  30  2:46  Marine  
  30  2:49  SCV  
  30  2:50  Cyclone  
  35  2:56  Bunker  
  35  3:04  Command Center  
  35  3:17  Marine  
  35  3:19  SCV  
  37  3:21  Refinery  
  37  3:23  Barracks  
  34  3:37  Barracks  
  34  3:41  Barracks Tech Lab  
  33  4:08  SCV  
  35  4:12  Engineering Bay  
  35  4:14  Supply Depot, Barracks Reactor  
Tags
 
Add a new tag
Caveats
  • Supply blocks, unpowered buildings, or Contaminate may cause inaccurate times.
  • Supply counts are checked every 10 seconds.